Map: Blackpink LE

Players

BackupJ (Kas) - Winner!

  • Race: Terran Terran
  • Spawn Location: 1:00

Abyss

  • Race: Protoss Protoss
  • Spawn Location: 7:00

Event: WCS Leipzig 2018

VOD

Have the link to the VOD?

Description

Time

  • Played on: Jan. 26, 2018, 6:39 a.m.
  • Length: 5:16

All games in this series

Show
View Real Time Build Order
Export as new Build Order

BackupJ Terran - Winner!

Build Orders: Cyclone Opening 

Get SALT Encoding   

  12  0:01  SCV  
  13  0:13  SCV  
  14  0:17  Supply Depot  
  14  0:25  SCV  
  15  0:29  Refinery  
  15  0:39  SCV  
  16  0:44  Barracks  
  16  0:51  SCV  
  17  1:03  SCV  
  18  1:15  SCV  
  19  1:31  Orbital Command, Marine  
  20  1:42  Command Center  
  20  1:52  Factory  
  20  1:56  Barracks Reactor  
  20  2:03  SCV  
  20  2:07  Refinery  
  21  2:15  Supply Depot  
  21  2:16  SCV  
  22  2:28  SCV  
  23  2:40  SCV  
  23  2:41  Marine  
  25  2:47  Cyclone x2  
  31  2:53  Orbital Command  
  31  2:57  SCV  
  32  3:01  Marine  
  33  3:11  SCV  
  34  3:19  SCV  
  35  3:21  Hellion  
  35  3:22  Hellion  
  35  3:25  SCV  
  40  3:27  Supply Depot  
  40  3:31  SCV, Barracks Tech Lab  
  41  3:37  SCV  
  41  3:40  Barracks  
  42  3:43  SCV  
  43  3:50  SCV, Barracks  
  43  3:51  Marine  
  43  3:55  Factory Tech Lab  
  45  3:56  SCV  
  46  4:03  SCV  
  47  4:14  SCV, Marine  
  47  4:15  Siege Tank  
  50  4:26  SCV  
  51  4:31  Marine  
  51  4:33  Barracks Reactor  
  51  4:36  Engineering Bay, Marine  
  51  4:37  Supply Depot x2  
  52  4:42  SCV x2  
  54  4:56  Refinery  
  54  4:59  SCV x2  
  66  5:16  Supply Depot  
Show
View Real Time Build Order
Export as new Build Order

Abyss Protoss 

Build Orders: 1 Gate Expand 

Get SALT Encoding   

  12  0:00  Probe  
  13  0:13  Probe  
  14  0:19  Pylon  
  14  0:25  Probe  
  15  0:37  Probe  
  15  0:38  Gateway  
  16  0:49  Probe  
  17  1:09  Nexus  
  17  1:17  Pylon  
  17  1:25  Cybernetics Core  
  17  1:30  Assimilator  
  17  1:32  Probe  
  18  1:43  Assimilator  
  18  1:44  Probe  
  19  1:57  Probe  
  20  2:02  Adept (Chrono Boost)  
  22  2:09  Probe  
  23  2:18  Warp Gate (Chrono Boost)  
  23  2:21  Probe x2  
  25  2:25  Adept  
  27  2:33  Probe x2 (Chrono Boost)  
  29  2:39  Twilight Council  
  29  2:45  Probe x2 (Chrono Boost)  
  31  2:52  Probe x2 (Chrono Boost)  
  33  2:59  Probe x2  
  35  3:08  Gateway  
  35  3:11  Probe x2, Resonating Glaives (Chrono Boost)  
  35  3:12  Gateway  
  37  3:23  Probe  
  38  3:27  Robotics Facility  
  38  3:31  Probe  
  39  3:35  Probe  
  39  3:40  Pylon  
  40  3:43  Probe  
  40  3:47  Shield Battery  
  41  3:58  Gateway  
  35  4:23  Adept  
  25  4:35  Gateway  
  23  4:39  Gateway  
  23  4:40  Gateway  
  23  4:43  Adept  
  29  4:54  Adept  
  27  5:09  Pylon  
  27  5:10  Pylon  
Tags
 
Add a new tag
Caveats
  • Supply blocks, unpowered buildings, or Contaminate may cause inaccurate times.
  • Supply counts are checked every 10 seconds.